 Dungeon Crawl Stone Soup version 0.30-a0-1066-g63dfefce0d (webtiles) character file.

Game seed: 14008491614476024449

990452 juan097 the Metallomancer (level 27, -11/184 HPs)
             Began as a Gargoyle Earth Elementalist on Apr 10, 2023.
             Was the Champion of Zin.
             Killed from afar by a golden dragon (44 damage)
             ... with a bolt of cold
             ... on level 18 of a ziggurat on Apr 12, 2023.
             The game lasted 10:04:09 (117055 turns).

juan097 the Metallomancer (GrEE)                  Turns: 117055, Time: 10:04:10

Health: -11/184    AC: 56    Str: 14    XL:     27
Magic:  6/63       EV: 15    Int: 34    God:    Zin [******]
Gold:   10537      SH:  0    Dex: 16    Spells: 8/62 levels left

rFire   + + +      SeeInvis +    b - staff of earth "Utiaptank" {+Blink}
rCold   . . .      Faith    .    C - crystal ball of Wucad Mu {*channel}
rNeg    + + .      Spirit   .    s - +8 fire dragon scales
rPois   ∞          Reflect  .    Y - +3 crown of Dyrovepreva {rElec Int+2 SInv}
rElec   +          Rampage  .    n - +2 cloak {rCorr}
rCorr   +                        l - +1 pair of gloves of the Dwarven Hall {Int+4}
Will    ++...                    O - +1 pair of boots "Ukekur" {Regen+ Stlth+}
Stlth   +++++                    u - amulet "Xyupaeka" {RegenMP Dex+6}
HPRegen 1.30/turn                K - ring of Yhun {rF+ rC+ rN+ MP+9, =R}
MPRegen 0.78/turn                f - ring of Fotyeshi {Wiz MP+9 Stlth+}

@: marked, on recite cooldown, flying, very slightly contaminated, studying 3
skills
A: sickness immunity, AC +20, big wings, negative energy resistance 1,
electricity resistance, torment resistance 1, petrification resistance
}: 10/15 runes: decaying, slimy, silver, abyssal, demonic, glowing, magical,
fiery, dark, gossamer
a: Renounce Religion, Evoke Blink, Recite, Vitalisation, Imprison, Sanctuary,
Donate Gold


You were on level 18 of a ziggurat.
You worshipped Zin.
Zin was exalted by your worship.
You visited 13 branches of the dungeon, and saw 57 of its levels.
You visited Pandemonium 2 times, and saw 16 of its levels.
You visited the Abyss 5 times.
You visited 1 ziggurat, and saw 18 of its levels.
You also visited: Gauntlet, Ice Cave and Wizlab.

You collected 16766 gold pieces.
You spent 5763 gold pieces at shops.
You donated 466 gold pieces to Zin.

Inventory:

Hand Weapons
 w - the +8 trishula "Condemnation" {holy, anguish, *Noise Fly rN+}
   (You found it on level 3 of the Elven Halls)

   rN:        It protects you from negative energy.
   Fly:       It grants you flight.
   *Noise:    It may make noises in combat.
Missiles
 z - 4 boomerangs of dispersal
 J - 9 throwing nets
Armour
 k - a +1 cloak of willpower
 l - the +1 pair of gloves of the Dwarven Hall (worn) {Int+4}
   (You found it in a Gauntlet)

   Int:       It affects your intelligence (+4).
 m - the +18 shield of the Gong {Loud rN+ Will+ rCorr EV-5}
   (You took it off a deep elf high priest on level 3 of the Elven Halls)

   Loud:      It is deafeningly noisy when blocking attacks.
   EV:        It affects your evasion (-5).
   rN:        It protects you from negative energy.
   rCorr:     It protects you from acid and corrosion.
   Will:      It increases your willpower.
 n - a +2 cloak of preservation (worn)
 s - +8 fire dragon scales (worn)
 B - an orb of energy
 C - the crystal ball of Wucad Mu (worn) {*channel}
   (You found it on level 11 of a ziggurat)

   *Channel:  It often returns the magic spent to cast spells, but lowers their
   success rate.
   It always returns the magic spent on miscasts.
 O - the +1 pair of boots "Ukekur" (worn) {Regen+ Stlth+}
   (You found it in a Gauntlet)

   Regen:     It increases your rate of health regeneration.
   Stlth:     It makes you more stealthy.
 Q - a +1 buckler of positive energy
 Y - the +3 crown of Dyrovepreva (worn) {rElec Int+2 SInv}
   (You bought it in a shop on level 6 of the Dungeon)

   Int:       It affects your intelligence (+2).
   rElec:     It insulates you from electricity.
   SInv:      It lets you see invisible.
Magical Staves
 a - the staff of conjuration "Ranliori" {rPois Will++}
   (You found it on level 5 of the Pits of Slime)

   [staff of conjuration]

   Base accuracy: +5 Base damage: 5 Base attack delay: 1.2 This weapon's minimum
   attack delay (0.6) is reached at skill level 12.
   rPois:     It protects you from poison.
   Will:      It greatly increases your willpower.
   It falls into the 'Staves' category.
   It is a one-handed weapon.
 b - the staff of earth "Utiaptank" (weapon) {+Blink}
   (You found it on level 6 of a ziggurat)

   [staff of earth]

   Base accuracy: +5 Base damage: 5 Base attack delay: 1.2 This weapon's minimum
   attack delay (0.6) is reached at skill level 12.
   +Blink:    It lets you blink.
   It falls into the 'Staves' category.
   It is a one-handed weapon.
Jewellery
 f - the ring of Fotyeshi (right hand) {Wiz MP+9 Stlth+}
   (You took it off a deep elf high priest on level 3 of the Elven Halls)

   [ring of wizardry]

   It improves your spell success rate.
   MP:        It affects your magic capacity (+9).
   Stlth:     It makes you more stealthy.
 u - the amulet "Xyupaeka" (around neck) {RegenMP Dex+6}
   (You acquired it on level 1 of the Depths)

   [amulet of magic regeneration]

   It increases your rate of magic regeneration.
   Dex:       It affects your dexterity (+6).
 K - the ring of Yhun (left hand) {rF+ rC+ rN+ MP+9, =R}
   (You bought it in a shop on level 13 of the Dungeon)

   [ring of magical power]

   rF:        It protects you from fire.
   rC:        It protects you from cold.
   rN:        It protects you from negative energy.
   MP:        It affects your magic capacity (+9).
 L - the amulet "Utwutoti" {Spirit +Blink rPois Will+ Str-4}
   (You found it on level 17 of a ziggurat)

   [amulet of guardian spirit]

   It causes incoming damage to be divided between your reserves of health and
   magic.
   Str:       It affects your strength (-4).
   rPois:     It protects you from poison.
   +Blink:    It lets you blink.
   Will:      It increases your willpower.
 V - the ring "Loxap" {rC+ Will+ rCorr Str+2 Int+3}
   (You found it in a Gauntlet)

   [ring of willpower]

   Str:       It affects your strength (+2).
   Int:       It affects your intelligence (+3).
   rC:        It protects you from cold.
   rCorr:     It protects you from acid and corrosion.
   Will:      It increases your willpower.
Wands
 P - a wand of digging (12)
 R - a wand of light (9)
 S - a wand of roots (35)
Scrolls
 i - 20 scrolls of blinking
 j - 3 scrolls of poison
 p - 6 scrolls of magic mapping
 t - 8 scrolls of amnesia
 v - 21 scrolls of teleportation
 y - 8 scrolls of enchant armour
 A - 10 scrolls of immolation
 H - 9 scrolls of fog
 M - 9 scrolls of silence
 W - 22 scrolls of enchant weapon
 X - 8 scrolls of butterflies
Potions
 c - 16 potions of might
 d - 9 potions of invisibility
 e - 25 potions of curing
 g - 4 potions of haste
 o - 11 potions of resistance
 x - 11 potions of magic
 E - 2 potions of ambrosia
 F - 5 potions of cancellation
 I - 15 potions of mutation
 N - 8 potions of heal wounds
 U - 6 potions of brilliance
Miscellaneous
 h - a condenser vane (inert)
 q - a phial of floods
 r - a phantom mirror
 G - a lightning rod (4/4)
 T - a tin of tremorstones (2/2)


   Skills:
 - Level 22.0 Fighting
 - Level 10.0 Short Blades
 - Level 12.2(14.0) Polearms
 - Level 12.0(14.5) Staves
 - Level 6.0 Throwing
 - Level 20.0 Armour
 - Level 12.0 Dodging
 - Level 12.0 Stealth
 - Level 16.0 Shields
 - Level 18.0 Spellcasting
 - Level 19.0 Conjurations
 - Level 5.0 Hexes
 + Level 13.8 Summonings
 - Level 10.0 Translocations
 - Level 6.0 Transmutations
 - Level 14.0 Fire Magic
 - Level 26.0 Earth Magic
 - Level 8.0 Poison Magic
 - Level 18.0 Invocations
 - Level 15.0 Evocations


You had 8 spell levels left.
You knew the following spells:

 Your Spells              Type           Power      Damage    Failure   Level
a - Starburst             Conj/Fire      48%        6d13      1%          6
b - Passwall              Tmut/Erth      98%        N/A       1%          2
c - Iron Shot             Conj/Erth      67%        9d12      1%          6
d - Spellforged Servitor  Conj/Summ      48%        N/A       4%          7
e - Lee's Rapid Deconstr  Erth           71%        3d32*     1%          5
f - Shatter               Erth           71%        3d52*     9%          9
g - Apportation           Tloc           100%       N/A       1%          1
j - Iskenderun's Mystic   Conj/Tloc      92%        2d18      1%          4
k - Passage of Golubria   Tloc           78%        N/A       1%          4
l - Blink                 Tloc           100%       N/A       1%          2
m - Lehudib's Crystal Sp  Conj/Erth      67%        10d15     3%          8

Your spell library contained the following spells:

 Spells                   Type           Power      Damage    Failure   Level
 Beastly Appendage        Tmut           100%       N/A       1%          1
 Foxfire                  Conj/Fire      100%       2x1d9     1%          1
 Kiss of Death            Conj/Necr      100%       2d13      1%          1
 Sandblast                Erth           100%       2d20      1%          1
 Slow                     Hex            100%       N/A       1%          1
 Sting                    Tmut/Pois      100%       1d8       1%          1
 Summon Small Mammal      Summ           100%       N/A       1%          1
 Lesser Beckoning         Tloc           100%       N/A       1%          2
 Momentum Strike          Conj/Tloc      100%       3d10      1%          2
 Poisonous Vapours        Pois/Air       100%       N/A       1%          2
 Scorch                   Fire           100%       2d9       1%          2
 Static Discharge         Conj/Air       100%       2-7/arc   1%          2
 Wereblood                Tmut           64%        N/A       1%          2
 Call Canine Familiar     Summ           90%        N/A       1%          3
 Dazzling Flash           Conj/Hex       100%       N/A       1%          3
 Gell's Gravitas          Tloc           78%        N/A       1%          3
 Hailstorm                Conj/Ice       76%        3d16      1%          3
 Ignite Poison            Fire/Tmut/Pois 76%        N/A       1%          3
 Portal Projectile        Hex/Tloc       100%       N/A       1%          3
 Spider Form              Tmut/Pois      67%        N/A       1%          3
 Stone Arrow              Conj/Erth      100%       3d13      1%          3
 Summon Guardian Golem    Hex/Summ       76%        N/A       1%          3
 Teleport Other           Tloc           78%        N/A       1%          3
 Volatile Blastmotes      Fire/Tloc      100%       2d18      1%          3
 Animate Armour           Summ/Erth      100%       N/A       1%          4
 Flame Wave               Conj/Fire      97%        2d20      1%          4
 Fulminant Prism          Conj/Hex       42%        3d19      1%          4
 Leda's Liquefaction      Hex/Erth       58%        N/A       1%          4
 Manifold Assault         Tloc           78%        N/A       1%          4
 Petrify                  Tmut/Erth      100%       N/A       1%          4
 Sticky Flame             Conj/Fire      97%        2d11      1%          4
 Borgnjor's Vile Clutch   Necr/Erth      54%        N/A       1%          5
 Fireball                 Conj/Fire      48%        3d19      1%          5
 Irradiate                Conj/Tmut      43%        3d26      1%          5
 Iskenderun's Battlesphe  Conj           100%       2d15      1%          5
 Summon Forest            Summ/Tloc      42%        N/A       1%          5
 Confusing Touch          Hex            59%        N/A       2%          3
 Tukima's Dance           Hex            59%        N/A       2%          3
 Vhi's Electric Charge    Tloc/Air       100%       N/A       2%          3
 Olgreb's Toxic Radiance  Pois           71%        N/A       2%          4
 Summon Cactus Giant      Summ           45%        N/A       2%          6
 Orb of Destruction       Conj           51%        9d13      2%          7
 Ensorcelled Hibernation  Hex/Ice        94%        N/A       3%          2
 Summon Ice Beast         Ice/Summ       67%        N/A       3%          4
 Arcjolt                  Conj/Air       38%        1d48      3%          5
 Summon Mana Viper        Hex/Summ       76%        N/A       3%          5
 Freeze                   Ice            100%       1d10      4%          1
 Cause Fear               Hex            29%        N/A       5%          4
 Alistair's Intoxication  Tmut/Pois      44%        N/A       6%          5
 Freezing Cloud           Conj/Ice/Air   32%        6-21      8%          5
 Blade Hands              Tmut           32%        N/A       9%          5
 Dispersal                Tloc           39%        N/A       9%          6
 Frozen Ramparts          Ice            60%        1d10      10%         3
 Ozocubu's Armour         Ice            30%        N/A       10%         3
 Swiftness                Air            30%        N/A       10%         3
 Vampiric Draining        Necr           30%        2d8       10%         3
 Ice Form                 Ice/Tmut       50%        N/A       10%         4
 Yara's Violent Unravell  Hex/Tmut       30%        3d13      10%         5
 Conjure Ball Lightning   Conj/Air       38%        3x3d12    10%         6
 Monstrous Menagerie      Summ           45%        N/A       10%         7
 Summon Hydra             Summ           45%        N/A       10%         7
 Anguish                  Hex/Necr       23%        N/A       12%         4
 Eringya's Noxious Bog    Tmut/Pois      33%        N/A       22%         6
 Plasma Beam              Fire/Air       33%        2x1d51    22%         6
 Animate Dead             Necr           30%        N/A       26%         4
 Dispel Undead            Necr           30%        3d14      26%         4
 Metabolic Englaciation   Hex/Ice        23%        N/A       26%         5
 Silence                  Hex/Air        23%        N/A       26%         5
 Ignition                 Fire           45%        3d13      43%         8
 Agony                    Necr           30%        N/A       50%         5
 Haunt                    Necr/Summ      33%        N/A       67%         7
 Dragon Form              Tmut           32%        N/A       78%         7
 Enfeeble                 Hex            29%        N/A       88%         7
 Disjunction              Tloc           39%        N/A       88%         8
 Death Channel            Necr           15%        N/A       94%         6
 Simulacrum               Ice/Necr       15%        N/A       94%         6
 Storm Form               Tmut/Air       25%        N/A       98%         7
 Ozocubu's Refrigeration  Ice            15%        4d10      100%        7
 Borgnjor's Revivificati  Necr           15%        N/A       100%        8
 Discord                  Hex            29%        N/A       100%        8
 Infestation              Necr           15%        N/A       100%        8
 Maxwell's Capacitive Co  Air            15%        ∞         100%        8
 Necromutation            Tmut/Necr      25%        N/A       100%        8
 Fire Storm               Conj/Fire      48%        8d12      89%         9
 Dragon's Call            Summ           45%        N/A       99%         9
 Chain Lightning          Conj/Air       38%        3d50      100%        9
 Death's Door             Necr           15%        N/A       100%        9
 Statue Form              Tmut/Erth      Unusable   N/A       N/A         6
 Cigotuvi's Dreadful Rot  Necr/Pois/Air  Unusable   N/A       N/A         2
 Sublimation of Blood     Necr           Unusable   N/A       N/A         2

Dungeon Overview and Level Annotations

Branches:
Dungeon (15/15)            Temple (1/1) D:7            Lair (5/5) D:11
  Swamp (4/4) Lair:2       Spider (4/4) Lair:3        Slime (5/5) Lair:4
    Orc (2/2) D:12            Elf (3/3) Orc:2        Vaults (5/5) D:13
  Crypt (3/3) Vaults:2       Tomb (0/3) Crypt:3      Depths (4/4) D:15
   Hell (visited)             Dis (0/7) Hell            Geh (0/7) Hell
    Coc (0/7) Hell            Tar (0/7) Hell            Zot (5/5) Depths:4
  IceCv (visited)          WizLab (visited)         Gauntlet (visited)

Altars:
Ashenzari
Cheibriados
Dithmenos
Elyvilon
Fedhas
Gozag
Hepliaklqana
Kikubaaqudgha
Makhleb
Nemelex Xobeh
Okawaru
Qazlal
Ru
Sif Muna
Trog
Uskayaw
Vehumet
Wu Jian
Xom
Yredelemnul
Zin
The Shining One
Jiyva

Shops:
D:6 [?(:([   D:8 *   D:12 (   D:13 (=[(   Orc:1 (   Orc:2 !*=(   Vaults:1 !
Vaults:3 [   Vaults:4 ***   Depths:1 :=:=   Depths:2 *

Portals:
Hell: Depths:1 Depths:2 Depths:3 Depths:4
Abyss: Depths:1 Depths:3
Pandemonium: Depths:2 Depths:3 Depths:4
Trove: D:15 (give 7 potions of haste)

Annotations:
D:8 1 runed translucent door


Innate Abilities, Weirdness & Mutations

You are immune to sickness and miasma.
Your stone body is resilient. (AC +20)
You are immune to poison.
Your large and strong wings let you fly.
You resist negative energy. (rN+)
You are resistant to electric shocks. (rElec)
You are resistant to unholy torment.
You are immune to petrification.


Message History

Unknown command.
You hit the sphinx.
You shatter the sphinx!
You kill the sphinx!
The vault sentinel is engulfed in acidic fog.
The vault sentinel seems to be corroded for longer.
The golden dragon is engulfed in acidic fog.
The golden dragon seems to be corroded for longer.
The golden dragon breathes cold at you. The bolt of cold hits you!!
* * * LOW HITPOINT WARNING * * *
The vault warden is engulfed in acidic fog.
The vault warden seems to be corroded for longer.
The vault warden hits you but does no damage.
The golden dragon is engulfed in acidic fog.
The golden dragon bites your spellforged servitor!
The golden dragon claws your spellforged servitor!
The golden dragon barely misses your spellforged servitor.
You hit the golden dragon.
You shatter the golden dragon!
The golden dragon is almost dead.
You hit the golden dragon.
You shatter the golden dragon.
The golden dragon is almost dead.
The vault sentinel is engulfed in acidic fog.
The vault sentinel seems to be corroded for longer.
The vault sentinel blows a loud note on a signal horn!
The golden dragon is engulfed in acidic fog.
The golden dragon seems to be corroded for longer.
The golden dragon bites you.
* * * LOW HITPOINT WARNING * * *
The golden dragon claws you but does no damage.
The golden dragon barely misses you.
The vault warden is engulfed in acidic fog.
The vault warden seems to be corroded for longer.
The vault warden hits you but does no damage.
The golden dragon is engulfed in acidic fog.
The golden dragon seems to be corroded for longer.
The golden dragon breathes cold at you.
The bolt of cold hits your spellforged servitor!
Your spellforged servitor resists.
The bolt of cold hits you!!!
You die...

▓▓▓▓▓▓▓▓▓▓▓▓▓
▓▓...........▓▓
▓▓.............▓▓
▓...............▓▓
)......§§§.......▓▓
$....§§§p§........▓▓
))...§§p§@.........▓▓
)†)††§§§D9..........▓▓
[[.....§D§.........∩.▓
)).....§§§..........▓▓
)..................▓▓
)†................▓▓
.)...............▓▓
▓...............▓
▓▓.............▓


You could see 2 golden dragons, a vault warden (corroded), a vault sentinel
(catching breath, corroded) and a friendly spellforged servitor (summoned).

Vanquished Creatures
  Cerebov (Pan)
  the Royal Jelly (Slime:5)
  Gloorx Vloq (Pan)
  Ignacio (Pan)
  Lom Lobon (Pan)
  Mnoleg (Pan)
  11 dread liches
  9 ancient liches
  Mennas (Pan)
  4 orbs of fire
  8 juggernauts
  3 royal mummies (Zig:9)
  6 pandemonium lords
  Bai Suzhen (Vaults:5)
  Frederick (Vaults:3)
  4 Killer Klowns (Zot:5)
  Vv (Zot:1)
  Saint Roka (Depths:1)
  Head Instructor (WizLab)
  3 caustic shrikes (Depths:3)
  2 curse toes
  Nikola (Spider:2)
  24 golden dragons
  Geryon (Hell)
  Jory (Depths:2)
  2 profane servitors
  9 bone dragons
  Arachne (Spider:2)
  A Tzitzimitl (Zig:11)
  5 Brimstone Fiends (Pan)
  An iron giant (Zig:8)
  2 doom hounds (Depths:3)
  Zenata (Vaults:4)
  4 Hell Sentinels
  4 electric golems
  25 Orb Guardians (Zot:5)
  21 tentacled monstrosities
  3 Ice Fiends
  A deep elf blademaster (Elf:3)
  The ghost of Jackthecabe the Geomancer, an adept DgCj (Elf:3)
  3 titans
  A shard shrike skeleton (Crypt:3)
  7 liches
  33 acid blobs
  8 quicksilver dragons
  A walking divine tome (Depths:3)
  17 ancient champions
  Asterion (Vaults:3)
  2 deep elf master archers (Elf:3)
  Frances (D:12)
  12 death cobs
  25 Executioners
  An acid blob (shapeshifter) (Vaults:5)
  2 tentacled starspawn
  An eldritch tentacle (Pan)
  10 sphinxes
  13 storm dragons
  7 draconian monks
  8 shadow dragons
  11 tengu reavers
  4 demonspawn warmongers
  Roxanne (D:14)
  An emperor scorpion (shapeshifter) (Vaults:5)
  2 iron dragons
  7 fire giants
  4 revenants
  Donald (Lair:2)
  5 rockslimes
  The ghost of NeonRainbow the Covert, an adept SpEE of Gozag (Spider:1)
  5 draconian knights
  12 deep elf sorcerers
  A fenstrider witch (Swamp:3)
  A quicksilver elemental (Zig:5)
  23 azure jellies
  The ghost of Hiweh the Destroyer, a journeyman DgCj (D:15)
  6 emperor scorpions (Spider:4)
  Aizul (Swamp:1)
  22 vault wardens
  8 draconian scorchers
  13 frost giants
  7 draconian shifters
  2 caustic shrike zombies
  9 curse skulls
  5 ghouls
  14 ghost moths
  An angel (Abyss:4)
  8 draconian stormcallers
  Louise (Swamp:1)
  17 balrugs
  25 reapers
  3 orc warlords
  5 demonspawn corrupters
  A spriggan defender (Depths:3)
  11 broodmothers
  5 demonspawn blood saints
  A caustic shrike skeleton (Pan)
  23 ironbound preservers
  4 deep elf elementalists
  28 cacodemons
  62 very ugly things
  11 quicksilver oozes
  9 draconian annihilators
  A starflower (Abyss:3)
  6 war gargoyles
  22 stone giants
  3 juggernaut skeletons (Crypt:3)
  8 ironbound thunderhulks
  16 vampire knights
  14 green draconians
  2 ophanim (Abyss:4)
  A putrid mouth (Depths:3)
  4 eleionomae
  3 deep elf demonologists
  11 deep elf annihilators
  9 black draconians
  4 demonspawn black suns
  16 lorocyprocas
  14 purple draconians
  A minotaur (Gauntlet)
  9 red draconians
  8 white draconians
  6 yellow draconians
  5 bunyips
  4 dire elephants
  12 deep elf death magi
  14 spark wasps
  13 blizzard demons
  22 fire dragons
  12 ettins
  22 green deaths
  A shambling mangrove (Swamp:2)
  19 eidola
  9 deep elf high priests
  7 crystal guardians
  A fire dragon (shapeshifter) (Vaults:5)
  8 jiangshi
  A kraken zombie (Hell)
  6 entropy weavers
  37 vault guards
  4 mummy priests (Zig:9)
  A fenstrider witch zombie (Abyss:3)
  11 rakshasas
  8 great orbs of eyes
  17 yaktaur captains
  12 hell beasts
  13 hydras
  5 caustic shrike simulacra (IceCv)
  17 ice dragons
  2 quicksilver dragon skeletons (Crypt:3)
  2 ogre magi (WizLab)
  10 spriggan air magi
  Erolcha (D:10)
  6 peacekeepers
  2 jorogumos
  15 centaur warriors
  2 spriggan skeletons (Pan)
  6 radroaches
  A fenstrider witch skeleton (Pan)
  9 boulder beetles
  11 two-headed ogres
  An anaconda (shapeshifter) (Vaults:5)
  11 ironbound frosthearts
  29 dancing weapons
  7 hell hogs
  11 alligators
  3 death yaks (Lair:5)
  2 death knights
  A bennu skeleton (Crypt:1)
  A death scarab (Spider:1)
  13 vampire magi
  4 thrashing horrors
  7 spriggan berserkers
  5 deep troll earth magi
  2 deep troll shamans (Depths:3)
  3 tengu warriors
  22 orc high priests
  31 sun demons
  Urug (D:10)
  12 hell knights
  Sonja (Lair:4)
  14 deep elf knights
  4 crystal echidnas
  17 soul eaters
  26 sixfirhies
  14 wretched stars
  2 storm dragon skeletons
  7 goliath frogs
  43 skeletal warriors
  A ghost moth zombie (Crypt:2)
  7 pharaoh ants
  2 cherubim (Abyss:4)
  25 shadow wraiths
  A skyshark (shapeshifter) (Zig:18)
  10 iron trolls
  A fire crab (Lair:5)
  A spatial maelstrom (Zig:13)
  A death drake (Gauntlet)
  2 anaconda zombies (Hell)
  13 bog bodies
  3 sun moths
  12 flayed ghosts
  A spark wasp zombie (Crypt:3)
  8 spriggan druids
  An orb spider (shapeshifter) (Depths:2)
  5 swamp dragons
  14 orb spiders
  A kraken simulacrum (Hell)
  16 shadow demons
  29 deep trolls
  2 golden dragon skeletons (Crypt:3)
  18 phantasmal warriors
  16 deep elf archers
  5 glowing orange brains
  7 obsidian statues
  4 anaconda skeletons
  12 necromancers
  3 lindwurms (Vaults:1)
  31 deep elf pyromancers
  7 wizards
  15 ironbound convokers
  16 orc knights
  3 orange crystal statues
  A harpy (Vaults:1)
  A steelbarb worm (shapeshifter) (Depths:1)
  7 mana vipers (WizLab)
  31 starcursed masses
  12 steelbarb worms
  29 deep elf zephyrmancers
  40 ugly things
  9 cyclopes
  20 wolf spiders
  3 bunyip skeletons
  A cyclops (shapeshifter) (Zig:18)
  10 orc sorcerers
  A will-o-the-wisp (Swamp:3)
  62 large abominations
  A faun (shapeshifter) (Zig:18)
  7 shining eyes
  An iron dragon skeleton (Crypt:3)
  6 elephants
  An ice statue (Zig:9)
  32 moths of wrath
  A salamander (D:15)
  4 manticores
  2 centaur zombies
  A moth of wrath (shapeshifter) (Vaults:5)
  A spectral centaur (Gauntlet)
  20 vault sentinels
  A fire giant skeleton (Depths:2)
  A guardian serpent (shapeshifter) (D:11)
  A naga mage (WizLab)
  3 black mambas
  2 rust devils
  23 demonic crawlers
  47 smoke demons
  5 cane toads
  25 orange demons
  A gargoyle (D:12)
  An apocalypse crab (Abyss:3)
  4 torpor snails
  A hellion (Zig:7)
  6 eyes of devastation
  6 molten gargoyles
  3 unseen horrors
  An alligator snapping turtle zombie (Crypt:3)
  9 komodo dragons
  A white draconian zombie (Crypt:2)
  Maggie (Lair:1)
  24 yaktaurs
  9 efreet
  A naga skeleton (Crypt:3)
  2 alligator snapping turtle skeletons
  4 centaur skeletons
  A dire elephant skeleton (Crypt:3)
  8 tengu conjurers
  3 ice devils
  19 freezing wraiths
  4 tormentors
  5 ancient zymes
  A black draconian zombie (Crypt:2)
  A catoblepas skeleton (Pan)
  2 anaconda simulacra (IceCv)
  A minotaur skeleton (Crypt:3)
  7 red devils
  A spark wasp simulacrum (Depths:2)
  A queen bee (Spider:1)
  A mana viper zombie (Crypt:1)
  21 hellwings
  17 trolls
  4 guardian mummies (Zig:9)
  A hydra zombie (Hell)
  15 hornets
  5 meliai
  A tyrant leech (shapeshifter) (Zig:18)
  2 harpy zombies
  4 bloated husks
  36 tarantellas
  A wind drake (shapeshifter) (Vaults:5)
  A polar bear (Lair:1)
  16 blink frogs
  4 hydra skeletons
  5 tyrant leeches
  2 dream sheep (shapeshifter) (Zig:18)
  A satyr zombie (Crypt:2)
  10 raiju
  12 harpy skeletons
  33 jumping spiders
  28 culicivoras
  113 slime creatures
  3 dire elephant simulacra (IceCv)
  25 flying skulls
  2 shadows
  A centaur simulacrum (Gauntlet)
  An alligator skeleton (Hell)
  A jumping spider (shapeshifter) (Abyss:3)
  14 spriggans
  4 water elementals
  2 air elementals (Elf:2)
  7 fire elementals
  3 ettin skeletons
  A naga simulacrum (Hell)
  28 yaks
  A vampire (D:13)
  17 ynoxinuls
  11 wraiths
  5 wyverns
  A black mamba skeleton (Crypt:3)
  3 steam dragons
  5 golden eyes
  5 basilisks
  24 neqoxecs
  67 redbacks
  4 swamp worm simulacra (Swamp:4)
  30 vampire mosquitoes
  16 chaos spawn
  19 wargs
  A human zombie (Depths:2)
  2 spatial vortices
  3 harpy simulacra (IceCv)
  16 hydra simulacra
  11 swamp worms
  5 acid dragons
  16 water moccasins
  An acid dragon (shapeshifter) (Vaults:5)
  A two-headed ogre skeleton (Crypt:2)
  3 floating eyes
  13 hell hounds
  2 ice beasts
  A floating eye (shapeshifter) (Zig:6)
  3 swamp drakes
  A merfolk skeleton (Crypt:1)
  An alligator simulacrum (IceCv)
  An ice dragon simulacrum (Gauntlet)
  3 ettin simulacra (IceCv)
  2 sky beasts
  2 black bears (D:5)
  50 orc warriors
  17 ogres
  9 wolves
  A swamp dragon skeleton (Crypt:1)
  18 centaurs
  2 phantoms
  4 small abominations
  An elf zombie (Elf:1)
  9 bullfrogs
  3 kobold brigands
  Blork the orc (D:4)
  3 earth elementals
  2 gnoll sergeants
  2 rime drake skeletons
  7 scorpions
  4 necrophages (Swamp:1)
  12 wights
  A lindwurm simulacrum (IceCv)
  21 killer bees
  A raiju skeleton (Crypt:2)
  8 electric eels
  9 howler monkeys
  5 lava snakes (Lair:5)
  3 hounds
  3 quasits
  A black bear zombie (Crypt:1)
  A jelly (D:7)
  47 orc priests
  A sleepcap (D:6)
  2 gnoll boudas
  5 iguanas
  30 orc wizards
  15 hell rats
  An ogre zombie (Crypt:1)
  2 ogre skeletons
  A boggart simulacrum (Gauntlet)
  A mummy (Zig:9)
  Robin (D:4)
  13 gnolls
  6 adders
  2 shadow imps (Abyss:3)
  3 white imps
  6 ufetubi
  4 swamp drake simulacra (Swamp:4)
  7 worms
  102 orcs
  7 ball pythons
  13 bats
  10 endoplasms
  8 giant cockroaches
  12 hobgoblins
  3 jackals (D:3)
  10 kobolds
  5 quokkas
  6 frilled lizards
  18 goblins
  A hobgoblin zombie (Crypt:3)
  A jackal zombie (Crypt:2)
  6 rats
  2 lurking horrors (Abyss:3)
  4 pillars of salt
  A starspawn tentacle (Abyss:3)
  A tentacle (Hell)
3614 creatures vanquished.

Vanquished Creatures (collateral kills)
  Parghit (Depths:3)
  A golden dragon (Zig:18)
  A quicksilver dragon (Zig:10)
  A sphinx (Zig:18)
  A shadow dragon (Vaults:4)
  A fire dragon (Zig:10)
  A vampire mage (Zig:16)
  A rime drake (Zig:10)
8 creatures vanquished.

Vanquished Creatures (others)
  An Executioner (Pan)
  A demonspawn warmonger (Pan)
  2 cacodemons (Pan)
  2 reapers (Pan)
  A bunyip (Swamp:1)
  A deep troll shaman (Depths:3)
  4 sun demons (Pan)
  A deep elf knight (Elf:2)
  A sixfirhy (Pan)
  A spriggan druid (Swamp:4)
  A wizard (WizLab)
  A smoke demon (Pan)
  A hornet (Swamp:1)
  A tyrant leech (Swamp:4)
  An air elemental (Elf:3)
  A ynoxinul (Pan)
  2 acid dragons
  A small abomination (Abyss:4)
  A mummy (Zig:9)
  A quokka (D:3)
  A kobold (D:3)
  7 ball lightnings (Pan)
  A fire vortex (Pan)
  2 foxfires (Swamp:3)
  23 fungi
  2 lurking horrors (Abyss:3)
  2 pillars of salt (Zig:13)
  129 plants
  4 starspawn tentacles
  7 tentacles (Hell)
  5 withered plants
209 creatures vanquished.

Grand Total: 3831 creatures vanquished

Notes
Turn   | Place    | Note
-------+----------+-------------------------------------------
     0 | D:1      | juan097 the Gargoyle Earth Elementalist began the quest for
                  | the Orb.
     0 | D:1      | Reached XP level 1. HP: 10/10 MP: 3/3
   133 | D:1      | Reached XP level 2. HP: 15/15 MP: 1/5
   195 | D:1      | Reached skill level 4 in Earth Magic
   569 | D:1      | Reached XP level 3. HP: 19/19 MP: 0/6
  1197 | D:2      | Reached skill level 5 in Earth Magic
  1228 | D:2      | Learned a level 2 spell: Passwall
  1263 | D:2      | Found a faded altar of an unknown god.
  1524 | D:2      | Reached XP level 4. HP: 19/24 MP: 5/7
  2038 | D:3      | Identified the +1 robe of the Protecting Gods {SInv Stlth+}
  2085 | D:3      | Learned a level 3 spell: Stone Arrow
  2550 | D:3      | Found a white marble altar of Elyvilon.
  2969 | D:3      | Found a bloodstained altar of Trog.
  3034 | D:3      | Reached skill level 1 in Conjurations
  3034 | D:3      | Reached XP level 5. HP: 28/28 MP: 2/8
  3154 | D:4      | Reached skill level 6 in Earth Magic
  3249 | D:4      | Noticed Robin
  3264 | D:3      | Reached XP level 6. HP: 6/32 MP: 7/10
  3449 | D:4      | Noticed Blork the orc
  3459 | D:4      | Killed Blork the orc
  3466 | D:4      | Reached XP level 7. HP: 20/36 MP: 6/11
  3799 | D:4      | Killed Robin
  3883 | D:4      | Found an ornate altar of the Wu Jian Council.
  3973 | D:5      | Entered Level 5 of the Dungeon
  4005 | D:5      | Reached skill level 5 in Conjurations
  4591 | D:5      | Reached XP level 8. HP: 41/41 MP: 13/13
  4725 | D:5      | HP: 1/41 [killer bee (4)]
  5015 | D:5      | Reached skill level 5 in Stealth
  5066 | D:6      | Reached skill level 7 in Earth Magic
  5327 | D:6      | Found Rewudd's Weapon Boutique.
  5327 | D:6      | Found Fejamoc's Antique Armour Emporium.
  5329 | D:6      | Found Adoptel's Magic Scroll Shop.
  5329 | D:6      | Found Lyjuvuu Eshu's Weapon Shoppe.
  5336 | D:6      | Reached skill level 8 in Earth Magic
  5418 | D:6      | Found Adedgh's Book Emporium.
  5418 | D:6      | Found Kaokuen's Antique Armour Boutique.
  5549 | D:6      | Reached skill level 1 in Fighting
  5632 | D:6      | Reached skill level 1 in Armour
  5633 | D:6      | Reached skill level 1 in Short Blades
  5661 | D:6      | Reached XP level 9. HP: 48/48 MP: 7/15
  5740 | D:6      | Identified the ring "Fodewn" {rCorr Int+3}
  6058 | D:6      | Bought a scroll of noise for 11 gold pieces
  6058 | D:6      | Bought a scroll of identify for 22 gold pieces
  6058 | D:6      | Bought a scroll of blinking for 82 gold pieces
  6058 | D:6      | Bought a scroll of fog for 44 gold pieces
  6058 | D:6      | Bought a scroll of teleportation for 33 gold pieces
  6058 | D:6      | Bought a scroll of magic mapping for 82 gold pieces
  6700 | D:7      | Found a staircase to the Ecumenical Temple.
  6708 | D:7      | Reached skill level 5 in Fighting
  6837 | D:7      | Reached skill level 1 in Transmutations
  6946 | D:7      | Reached skill level 1 in Evocations
  7241 | Temple   | Entered the Ecumenical Temple
  7381 | Temple   | Learned a level 4 spell: Petrify
  7387 | Temple   | Learned a level 5 spell: Lee's Rapid Deconstruction
  7400 | Temple   | Became a worshipper of Zin the Law-Giver
  7668 | D:8      | Found Sego Gal's Overcharged Wands.
  7717 | D:8      | Reached * piety under Zin
  7812 | D:8      | Noticed a sixfirhy
  7817 | D:8      | Found a runed translucent door.
  7907 | D:8      | Found a burning altar of Makhleb.
  7933 | D:8      | Noticed a troll
  7936 | D:8      | Killed a troll
  7937 | D:8      | Reached XP level 10. HP: 60/60 MP: 15/17
  8123 | D:8      | Reached ** piety under Zin
  8124 | D:8      | Reached skill level 5 in Spellcasting
  9284 | D:9      | Reached *** piety under Zin
  9410 | D:9      | Found a radiant altar of Vehumet.
  9636 | D:10     | Entered Level 10 of the Dungeon
  9636 | D:10     | Noticed Urug
  9673 | D:9      | Reached skill level 1 in Invocations
  9729 | D:10     | Noticed a centaur warrior
  9913 | D:10     | Killed a centaur warrior
  9914 | D:10     | Reached XP level 11. HP: 48/64 MP: 16/20
 10201 | D:10     | Noticed Erolcha
 10391 | D:10     | Found a snail-covered altar of Cheibriados.
 10598 | D:11     | Noticed a centaur warrior
 10609 | D:11     | Killed a centaur warrior
 10610 | D:11     | Reached skill level 9 in Earth Magic
 11055 | D:11     | Reached **** piety under Zin
 11069 | D:11     | Noticed a two-headed ogre
 11080 | D:11     | Killed a two-headed ogre
 11193 | D:11     | Identified the +6 trident "Jellyslayer" {flame, rN+ Str+6
                  | Dex+2}
 11266 | D:11     | Found a staircase to the Lair.
 11541 | D:11     | Found a sacrificial altar of Ru.
 11644 | D:11     | Noticed a two-headed ogre
 11649 | D:11     | Killed a two-headed ogre
 11650 | D:11     | Reached skill level 10 in Earth Magic
 11650 | D:11     | Reached skill level 5 in Invocations
 11855 | D:11     | Noticed a cyclops
 11859 | D:11     | Killed a cyclops
 11912 | D:11     | Noticed a cyclops
 11923 | D:11     | Killed a cyclops
 11924 | D:11     | Reached XP level 12. HP: 63/70 MP: 0/22
 12081 | D:11     | Reached skill level 11 in Earth Magic
 12332 | D:11     | Noticed a centaur warrior
 12339 | D:11     | Killed a centaur warrior
 12340 | D:11     | Reached skill level 12 in Earth Magic
 12391 | D:11     | Noticed a two-headed ogre
 12397 | D:11     | Killed a two-headed ogre
 12415 | D:11     | Noticed a four-headed hydra
 12418 | D:11     | Killed a four-headed hydra
 12581 | D:11     | Noticed a six-headed hydra
 12933 | D:11     | Reached ***** piety under Zin
 13031 | D:11     | Killed a six-headed hydra
 13141 | D:11     | Identified the +5 quarterstaff of Sulphur {flame, Dex+2}
 13572 | Lair:1   | Entered Level 1 of the Lair of Beasts
 13648 | Lair:1   | Noticed Maggie
 13760 | Lair:1   | Killed Maggie
 13969 | Lair:1   | Identified a scroll of acquirement
 14682 | Lair:2   | Found a staircase to the Swamp.
 14975 | Lair:2   | Reached skill level 5 in Armour
 14975 | Lair:2   | Reached XP level 13. HP: 76/76 MP: 17/25
 16182 | Lair:3   | Identified the +6 chain mail of Tecre {Regen+}
 16281 | Lair:3   | Found a hole to the Spider Nest.
 16360 | Lair:3   | Reached skill level 5 in Evocations
 16724 | Lair:3   | Reached skill level 5 in Dodging
 17161 | Lair:4   | Reached ****** piety under Zin
 17238 | Lair:4   | Found a viscous altar of Jiyva.
 17238 | Lair:4   | Found a staircase to the Slime Pits.
 18018 | Lair:4   | Noticed Sonja
 18028 | Lair:4   | Killed Sonja
 18879 | D:11     | Reached skill level 13 in Earth Magic
 18882 | D:11     | Reached skill level 1 in Throwing
 19520 | D:12     | Identified the +11 sling of Might {drain, Dex+5}
 19669 | D:12     | Noticed Frances
 19674 | D:12     | Killed Frances
 19930 | D:12     | Found Inecrewo's Weapon Emporium.
 20191 | D:12     | Found a staircase to the Orcish Mines.
 20269 | Orc:1    | Entered Level 1 of the Orcish Mines
 20621 | Orc:1    | Found Nihi's Weapon Shop.
 21649 | Orc:2    | Entered Level 2 of the Orcish Mines
 21649 | Orc:2    | Found a staircase to the Elven Halls.
 21889 | Orc:2    | Gained mutation: Your large and strong wings let you fly.
                  | [Gargoyle growth]
 21889 | Orc:2    | Reached XP level 14. HP: 84/84 MP: 25/26
 21909 | Orc:2    | Found a burning altar of Makhleb.
 22524 | Orc:2    | Reached skill level 10 in Invocations
 22795 | Orc:2    | Reached skill level 5 in Transmutations
 23257 | Orc:2    | Found Raamatue's Antique Weapon Shop.
 23257 | Orc:2    | Found Deittaram's Jewellery Emporium.
 23410 | Orc:2    | Reached skill level 1 in Staves
 23457 | Orc:2    | Found Zejisk's General Store.
 23457 | Orc:2    | Found Saseb's Distillery.
 23954 | D:10     | Killed Erolcha
 24050 | D:10     | Killed Urug
 24359 | D:6      | Bought an embroidered cloak for 172 gold pieces
 24377 | D:6      | Bought a pair of embroidered gloves for 195 gold pieces
 24390 | D:6      | Bought a runed leather armour for 130 gold pieces
 24424 | D:6      | Acquired 1227 gold pieces
 24432 | D:6      | Bought the +3 crown of Dyrovepreva {rElec Int+2 SInv} for
                  | 952 gold pieces
 24432 | D:6      | Found the +3 crown of Dyrovepreva {rElec Int+2 SInv}
 24636 | Orc:2    | Bought the amulet "Zigat" {Acrobat rC++ Str+3} for 790 gold
                  | pieces
 24681 | Orc:2    | Bought 2 potions of heal wounds for 110 gold pieces
 24681 | Orc:2    | Bought a potion of heal wounds for 55 gold pieces
 24690 | Orc:2    | Bought a potion of resistance for 140 gold pieces
 24875 | Lair:5   | Entered Level 5 of the Lair of Beasts
 25165 | Lair:5   | Reached skill level 14 in Earth Magic
 27127 | Lair:5   | Reached skill level 5 in Throwing
 27437 | Lair:5   | Found a large runed translucent door.
 27437 | Lair:5   | Found a large runed translucent door.
 27698 | Lair:5   | Identified the +2 ring mail of the Other World {Fly Str+5
                  | Dex+3}
 28221 | D:13     | Reached XP level 15. HP: 88/88 MP: 25/27
 28228 | D:13     | Found Tijoiv Qaed's Weapon Emporium.
 28246 | D:13     | Found Baahoras's Weapon Shop.
 28270 | D:13     | Found a gate to the Vaults.
 28375 | D:13     | Found a gate leading to a gauntlet.
 28427 | Gauntlet | Entered a Gauntlet
 28427 | Gauntlet | Found a transporter.
 28427 | Gauntlet | Found a transporter.
 28532 | Gauntlet | Found a transporter.
 28535 | Gauntlet | Found a transporter.
 28535 | Gauntlet | Found a transporter.
 28546 | Gauntlet | Found a transporter.
 28548 | Gauntlet | Found a transporter.
 28550 | Gauntlet | Found a large runed translucent door.
 28551 | Gauntlet | Found a large runed translucent door.
 28552 | Gauntlet | Found a large runed translucent door.
 28552 | Gauntlet | Found a large runed translucent door.
 28552 | Gauntlet | Found a runed translucent door.
 28552 | Gauntlet | Found a runed translucent door.
 28565 | Gauntlet | Found a transporter.
 28588 | Gauntlet | Found a transporter.
 28607 | Gauntlet | Found a transporter.
 28611 | Gauntlet | Found a large runed translucent door.
 28612 | Gauntlet | Found a large runed translucent door.
 28613 | Gauntlet | Found a large runed translucent door.
 28613 | Gauntlet | Found a large runed translucent door.
 28614 | Gauntlet | Found a runed translucent gate.
 28615 | Gauntlet | Found a transporter.
 28615 | Gauntlet | Found a runed translucent gate.
 28616 | Gauntlet | Found a runed translucent gate.
 28617 | Gauntlet | Found a large runed translucent door.
 28617 | Gauntlet | Found a large runed translucent door.
 28618 | Gauntlet | Found a large runed translucent door.
 28619 | Gauntlet | Found a large runed translucent door.
 28628 | Gauntlet | Found a large runed translucent door.
 28628 | Gauntlet | Found a large runed translucent door.
 28629 | Gauntlet | Found a large runed translucent door.
 28630 | Gauntlet | Found a large runed translucent door.
 28684 | Gauntlet | Found a transporter.
 28745 | Gauntlet | Identified the +1 pair of gloves of the Dwarven Hall
                  | {Int+4}
 28767 | Gauntlet | Identified the staff of cold "Fargh" {rPois rC+ Str-5 Int+4
                  | Stlth+}
 28811 | Gauntlet | Identified the +1 pair of boots "Ukekur" {Regen+ Stlth+}
 28986 | Gauntlet | Identified the staff of conjuration "Ceppig" {Dex+3}
 28986 | Gauntlet | Identified the ring "Loxap" {rC+ Will+ rCorr Str+2 Int+3}
 28986 | Gauntlet | Identified the amulet "Waofa" {Spirit Str+4}
 29371 | D:13     | Found Xaduynn's Jewellery Shoppe.
 29523 | D:13     | Found Yqat's Antique Armour Shoppe.
 30262 | D:13     | Bought the ring of Yhun {rF+ rC+ rN+ MP+9} for 678 gold
                  | pieces
 31180 | D:14     | Noticed Roxanne
 31843 | D:15     | Entered Level 15 of the Dungeon
 31920 | D:15     | Reached skill level 5 in Short Blades
 32003 | D:15     | Found a runed translucent door.
 32004 | D:15     | Noticed Hiweh's ghost (journeyman DgCj)
 32210 | D:15     | Found a staircase to the Depths.
 32370 | D:15     | Identified the +1 rapier of Sokhlek {flame, rPois}
 32814 | D:15     | Found a portal to a secret trove of treasure.
 33404 | D:14     | Killed Roxanne
 33416 | D:14     | Learned a level 4 spell: Leda's Liquefaction
 33489 | D:14     | Learned a level 4 spell: Olgreb's Toxic Radiance
 33493 | D:14     | Learned a level 3 spell: Ignite Poison
 33611 | Swamp:1  | Entered Level 1 of the Swamp
 33611 | Swamp:1  | Noticed Donald
 33622 | Lair:2   | Killed Donald
 33623 | Lair:2   | Reached skill level 1 in Poison Magic
 33623 | Lair:2   | Reached XP level 16. HP: 75/96 MP: 28/28
 33648 | Swamp:1  | Reached skill level 1 in Hexes
 33800 | Swamp:1  | Noticed Aizul
 33915 | Swamp:1  | Killed Aizul
 34646 | Swamp:1  | Reached skill level 5 in Poison Magic
 34864 | Swamp:1  | Identified the +1 robe of Distant Shores {rC++ Stlth+}
 35115 | Swamp:1  | Noticed Louise
 35138 | Swamp:1  | Killed Louise
 35492 | Swamp:2  | Identified the +4 flail of Greed {heavy, rPois MP-9 Int+4
                  | Stlth+}
 36913 | Swamp:3  | Noticed a fenstrider witch
 36928 | Swamp:3  | Paralysed by a fenstrider witch for 5 turns
 37035 | Swamp:3  | Killed a fenstrider witch
 37670 | Swamp:3  | Reached skill level 5 in Staves
 37670 | Swamp:3  | Reached skill level 1 in Shields
 37679 | Swamp:3  | Reached skill level 5 in Hexes
 37974 | Swamp:4  | Entered Level 4 of the Swamp
 37993 | Swamp:4  | Reached XP level 17. HP: 100/100 MP: 13/29
 38477 | Swamp:4  | Reached skill level 5 in Shields
 39939 | Swamp:4  | Got a decaying rune of Zot
 40159 | Spider:1 | Entered Level 1 of the Spider Nest
 40159 | Spider:1 | Found a transporter.
 40631 | Spider:1 | Reached skill level 10 in Stealth
 40961 | Spider:1 | Found a transporter.
 40961 | Spider:1 | Noticed NeonRainbow's ghost (adept SpEE)
 40991 | Spider:1 | Reached skill level 10 in Fighting
 41569 | Spider:1 | Reached skill level 15 in Earth Magic
 42413 | Spider:2 | Reached skill level 10 in Evocations
 42496 | Spider:2 | You are sucked into a shaft and drop 1 floor!
 42918 | Spider:3 | Found the +1 robe of Vines {NoPotionHeal Regen++++}
 43213 | Spider:2 | Reached XP level 18. HP: 108/108 MP: 30/30
 43470 | Spider:2 | Noticed Arachne
 43709 | Spider:2 | Killed Arachne
 43852 | Spider:2 | Noticed Nikola
 43882 | Spider:2 | Killed Nikola
 43992 | Spider:2 | Reached skill level 10 in Armour
 44617 | Spider:3 | Reached skill level 1 in Fire Magic
 45750 | Spider:4 | Entered Level 4 of the Spider Nest
 46306 | Spider:4 | Reached skill level 5 in Fire Magic
 47508 | Spider:4 | Reached skill level 10 in Spellcasting
 48073 | Spider:4 | Reached XP level 19. HP: 67/116 MP: 17/33
 48449 | Spider:4 | Reached skill level 10 in Staves
 48681 | Spider:4 | Got a gossamer rune of Zot
 48683 | Spider:4 | Identified the +0 hat "Otwilo Sina" {Harm}
 49036 | Lair:4   | Learned a level 6 spell: Iron Shot
 49186 | Elf:1    | Entered Level 1 of the Elven Halls
 49262 | D:13     | Bought a pair of embroidered boots for 202 gold pieces
 49265 | D:13     | Bought a polished scale mail for 243 gold pieces
 49265 | D:13     | Identified the +2 scale mail of Sophism {rElec rF+} (You
                  | bought it in a shop on level 13 of the Dungeon)
 51179 | Elf:2    | Paralysed by an air elemental for 1 turns
 51300 | Elf:2    | Found a frozen archway.
 51575 | IceCv    | Entered an ice cave
 51814 | IceCv    | Reached skill level 10 in Conjurations
 51964 | IceCv    | Got the Folio of the Marlin
 52637 | Elf:2    | Found a huge runed translucent gate.
 52637 | Elf:2    | Found a huge runed translucent gate.
 52637 | Elf:2    | Found a huge runed translucent gate.
 52637 | Elf:2    | Found a huge runed translucent gate.
 52638 | Elf:2    | Found a huge runed translucent gate.
 53607 | Elf:2    | Reached XP level 20. HP: 127/127 MP: 24/34
 54141 | Elf:3    | Entered Level 3 of the Elven Halls
 54153 | Elf:3    | Found a runed translucent door.
 54191 | Elf:3    | Noticed Jackthecabe's ghost (adept DgCj)
 54191 | Elf:3    | Found the +8 trishula "Condemnation" {holy, anguish, *Noise
                  | Fly rN+}
 56547 | Elf:3    | Identified the +8 flail "Leviticus" {venom, rN+ Str-3 SInv}
 56547 | Elf:3    | Identified the +5 chain mail "Huduo" {rPois}
 56547 | Elf:3    | Identified the ring of Fotyeshi {Wiz MP+9 Stlth+}
 56811 | Elf:3    | Identified the +1 broad axe of Integrity {vamp, rElec rPois
                  | rF+ Int-2}
 57327 | Elf:3    | Identified the ring "Zaegeok" {Str+2 Dex+3 SInv}
 57328 | Elf:3    | Identified the +7 flail of Pueripo {heavy, rPois SInv}
 57328 | Elf:3    | Identified the ring of Unogyf {rN+ Int+2 Slay+4}
 57677 | Elf:3    | Identified the staff of poison "Nejuh" {rElec rPois rF++
                  | Int-5 Dex+5}
 57693 | Elf:3    | Got the Guidebook on the Volcano and Interference
 57694 | Elf:3    | Identified the staff of cold "Gupuigio" {+Blink rC+ Will++
                  | Dex-3}
 58004 | Elf:3    | Identified the +4 rapier of the Hidden Vale {flame, +Blink
                  | rPois Int+3}
 58004 | Elf:3    | Identified the +0 robe "Ifiyjob" {Rampage rN+ Int-2 Dex+3}
 58825 | D:13     | Acquired 671 gold pieces
 58830 | Vaults:1 | Entered Level 1 of the Vaults
 60477 | Vaults:1 | Reached XP level 21. HP: 96/132 MP: 10/35
 61465 | Vaults:1 | Found Xank's Distillery.
 61657 | Vaults:2 | Reached skill level 10 in Short Blades
 62054 | Vaults:2 | Found a staircase to the Crypt.
 64565 | Vaults:3 | Noticed Frederick
 64575 | Vaults:3 | Killed Frederick
 65186 | Vaults:3 | Noticed Asterion
 65194 | Vaults:3 | Killed Asterion
 65352 | Vaults:3 | Found Man Can's Antique Armour Boutique.
 66664 | Vaults:4 | Reached skill level 16 in Earth Magic
 66862 | Vaults:4 | Reached skill level 15 in Fighting
 66862 | Vaults:4 | Reached XP level 22. HP: 140/140 MP: 31/36
 67090 | Vaults:4 | Found Gozag's Assorted Antiques.
 67091 | Vaults:4 | Found Gozag's Assorted Antiques.
 67103 | Vaults:4 | Found an opulent altar of Gozag.
 67103 | Vaults:4 | Found Gozag's Assorted Antiques.
 67118 | Vaults:4 | Noticed Zenata
 67174 | Vaults:4 | Killed Zenata
 68808 | Vaults:4 | Learned a level 4 spell: Iskenderun's Mystic Blast
 68961 | Depths:1 | Entered Level 1 of the Depths
 68999 | Depths:1 | Found Dodel's Book Shoppe.
 69042 | Depths:1 | Found a gateway to Hell.
 69068 | D:15     | Reached skill level 1 in Translocations
 69246 | D:15     | Killed Hiweh's ghost
 70222 | Depths:1 | Found a one-way gate to the infinite horrors of the Abyss.
 70235 | Depths:1 | Found a one-way gateway to a ziggurat.
 70529 | Depths:1 | Noticed Saint Roka
 70550 | Depths:1 | Killed Saint Roka
 71277 | Depths:1 | Found Cisaeppi's Jewellery Shoppe.
 71277 | Depths:1 | Found Goxutowk's Book Boutique.
 71280 | Depths:1 | Found Muinyv's Jewellery Shoppe.
 71490 | Depths:1 | Found a runed translucent gate.
 71491 | Depths:1 | Found a runed translucent gate.
 71492 | Depths:1 | Found a runed translucent gate.
 71810 | Depths:1 | Identified the +4 spear of the Exiled Loafs {pain, rC-
                  | Str+6}
 71855 | Depths:1 | Upgraded the game from 0.30-a0-1043-g60ff8d5f49 to
                  | 0.30-a0-1053-gbd8d5ba0ad
 71873 | Depths:2 | Found Liubbell's Assorted Antiques.
 71897 | Depths:1 | Acquired the amulet "Xyupaeka" {RegenMP Dex+6}
 71900 | Depths:1 | Acquired 993 gold pieces
 71913 | Depths:2 | Bought a pair of runed gloves for 322 gold pieces
 72002 | Depths:1 | Reached skill level 5 in Translocations
 72473 | Depths:2 | Reached XP level 23. HP: 149/149 MP: 28/39
 72808 | Depths:2 | Noticed Jory
 72812 | Depths:2 | Paralysed by a vampire knight for 2 turns
 73243 | Depths:2 | Found a one-way gate leading to the halls of Pandemonium.
 73739 | Depths:2 | Identified the staff of fire "Wuoged" {rF+ Dex+4}
 73771 | Depths:2 | Killed Jory
 73876 | Depths:2 | Identified the +7 flail of Cemnell {antimagic, Dex+4}
 74037 | Abyss:3  | Found a corrupted altar of Lugonu.
 74037 | Abyss:3  | Cast into level 3 of the Abyss (hell knight)
 74101 | Abyss:3  | Found a corrupted altar of Lugonu.
 74403 | Depths:3 | Escaped the Abyss
 74974 | Depths:3 | Noticed a golden dragon
 74976 | Depths:3 | Killed a golden dragon
 75205 | Depths:3 | Noticed a golden dragon
 75251 | Depths:3 | Noticed Parghit
 75436 | Depths:3 | Learned a level 4 spell: Passage of Golubria
 75463 | Depths:3 | Killed a golden dragon
 75470 | Depths:3 | Noticed a golden dragon
 75479 | Depths:3 | Killed a golden dragon
 75973 | Depths:3 | Reached XP level 24. HP: 138/156 MP: 34/39
 75997 | Depths:3 | Paralysed by a vampire knight for 3 turns
 76218 | Depths:3 | Reached skill level 17 in Earth Magic
 76624 | Depths:3 | Found a blossoming altar of Fedhas.
 76803 | Depths:3 | Killed Parghit
 77046 | Depths:4 | Entered Level 4 of the Depths
 77055 | Depths:4 | Identified the ring "Terhoudd" {Ice +Blink Str-2 SInv
                  | Stlth+}
 77063 | Depths:4 | Found a magical portal.
 77064 | Depths:4 | Noticed a caustic shrike
 77064 | Depths:4 | Noticed a caustic shrike
 77064 | Depths:4 | Noticed a caustic shrike
 77075 | Depths:3 | Killed a caustic shrike
 77129 | Depths:3 | Killed a caustic shrike
 77134 | Depths:3 | Killed a caustic shrike
 77375 | WizLab   | Entered Yara's Duelist Academy
 77611 | WizLab   | Reached skill level 10 in Dodging
 77699 | WizLab   | Noticed Caugevvi
 77706 | WizLab   | Killed Caugevvi the Head Instructor
 78100 | Depths:4 | Acquired the +9 plate armour of Sior {Int+3 SInv Stlth+}
 78634 | Depths:4 | Found a basalt altar of Yredelemnul.
 78674 | Depths:4 | Learned a level 2 spell: Blink
 79093 | Depths:4 | Found a gate to the Realm of Zot.
 79607 | Slime:1  | Entered Level 1 of the Pits of Slime
 80884 | Slime:5  | Entered Level 5 of the Pits of Slime
 80992 | Slime:5  | Paralysed by a floating eye for 2 turns
 81003 | Slime:4  | Reached XP level 25. HP: 108/160 MP: 21/40
 81147 | Slime:4  | Reached skill level 10 in Shields
 81238 | Slime:4  | Reached skill level 15 in Conjurations
 81309 | Slime:5  | Noticed the Royal Jelly
 82481 | Slime:5  | Found a viscous altar of Jiyva.
 82483 | Slime:5  | Found the +10 dark maul {heavy}
 82995 | Slime:5  | Killed the Royal Jelly
 83428 | Slime:5  | Identified the staff of conjuration "Ranliori" {rPois
                  | Will++}
 83430 | Slime:5  | Got a slimy rune of Zot
 83477 | Slime:5  | Identified the +1 longbow of Broken Luck {elec, Str+2
                  | Stlth+}
 83498 | Slime:5  | Identified the +7 demon whip of Bloodstone {antimagic,
                  | Dex+3}
 83504 | Slime:5  | Identified the ring "Ywyplor" {Fly rPois Str+4 Dex+2}
 83693 | Slime:5  | Got the Secrets of Forms and the Assassin
 84379 | Crypt:1  | Entered Level 1 of the Crypt
 86045 | Crypt:2  | Found a transporter.
 86217 | Crypt:2  | Found a transporter.
 86478 | Crypt:3  | Entered Level 3 of the Crypt
 86483 | Crypt:3  | Reached skill level 15 in Armour
 86566 | Crypt:3  | Noticed a dread lich
 86573 | Crypt:3  | Killed a dread lich
 87146 | Crypt:3  | Found a staircase to the Tomb.
 87274 | Crypt:3  | Identified the +10 morningstar of the Whelk {protect, *Slow
                  | Int+4 Stlth+}
 87286 | Crypt:3  | Reached skill level 10 in Translocations
 87312 | Crypt:3  | Reached XP level 26. HP: 158/166 MP: 5/40
 87783 | Crypt:3  | Found a shimmering altar of Xom.
 87809 | Crypt:3  | Noticed a dread lich
 87821 | Crypt:3  | Killed a dread lich
 89170 | Zot:1    | Entered Level 1 of the Realm of Zot
 89218 | Zot:1    | Noticed an orb of fire
 89224 | Zot:1    | Killed an orb of fire
 89744 | Zot:1    | Identified the +5 dagger of Dithmenos's Hope {distort,
                  | Will+ rCorr Int+2}
 90223 | Zot:1    | Identified the +4 hand axe "Peifo" {heavy, *Slow rN++}
 90224 | Zot:1    | Identified the +5 rapier "Utuode" {heavy, Dex+2}
 90614 | Zot:2    | Noticed Vv
 90631 | Zot:1    | Killed Vv
 91049 | Zot:2    | Found a glowing golden altar of the Shining One.
 91532 | Zot:2    | Found a radiant altar of Vehumet.
 91784 | Zot:3    | Reached XP level 27. HP: 145/175 MP: 33/40
 92599 | Zot:3    | Reached skill level 18 in Earth Magic
 92599 | Zot:3    | Reached skill level 15 in Invocations
 93818 | Zot:4    | Identified the ring of Eluir {Fly rPois Will- Slay+2}
 93841 | Zot:4    | Identified the +1 scale mail of the Elephant {Will+ Str+3}
 94815 | Vaults:4 | Bought a scroll of blinking for 750 gold pieces
 94815 | Vaults:4 | Bought a scroll of enchant armour for 750 gold pieces
 95137 | Spider:1 | Killed NeonRainbow's ghost
 95586 | Zot:5    | Entered Level 5 of the Realm of Zot
 96147 | Zot:5    | Noticed a dread lich
 96152 | Zot:5    | Killed a dread lich
 96217 | Zot:5    | Noticed an orb of fire
 96232 | Zot:5    | Killed an orb of fire
 96235 | Zot:5    | Noticed an orb of fire
 96261 | Zot:5    | Killed an orb of fire
 96921 | Zot:5    | Noticed a dread lich
 96927 | Zot:5    | Killed a dread lich
 96943 | Zot:5    | Noticed an ancient lich
 96948 | Zot:5    | Killed an ancient lich
 96962 | Zot:5    | Noticed a dread lich
 96967 | Zot:5    | Killed a dread lich
 97108 | Zot:5    | Noticed a dread lich
 97116 | Zot:5    | Killed a dread lich
 97117 | Zot:5    | Reached skill level 19 in Earth Magic
 97212 | Zot:5    | Noticed an ancient lich
 97238 | Zot:5    | Killed an ancient lich
 97262 | Zot:5    | Noticed a dread lich
 97380 | Zot:5    | Killed a dread lich
 97638 | Zot:5    | Noticed an orb of fire
 97639 | Zot:5    | Noticed an ancient lich
 97644 | Zot:5    | Killed an orb of fire
 97646 | Zot:5    | Killed an ancient lich
 97745 | Zot:5    | Reached skill level 20 in Earth Magic
 97823 | Zot:5    | Upgraded the game from 0.30-a0-1053-gbd8d5ba0ad to
                  | 0.30-a0-1066-g63dfefce0d
 97832 | Zot:5    | Learned a level 8 spell: Lehudib's Crystal Spear
 98105 | Depths:3 | Voluntarily entered the Abyss.
 98500 | Abyss:3  | Paralysed by accursed screaming for 1 turns
 98519 | Abyss:3  | Paralysed by accursed screaming for 1 turns
 98553 | Depths:3 | Escaped the Abyss
 98634 | Depths:3 | Voluntarily entered the Abyss.
 98642 | Abyss:3  | Noticed a dread lich
 98658 | Abyss:3  | Found a corrupted altar of Lugonu.
 98939 | Abyss:4  | Reached skill level 15 in Shields
 99047 | Abyss:4  | Found a glowing golden altar of the Shining One.
 99056 | Abyss:4  | Noticed a juggernaut
 99064 | Abyss:4  | Killed a juggernaut
 99086 | Abyss:4  | Got an abyssal rune of Zot
 99109 | Depths:3 | Escaped the Abyss
 99137 | Depths:3 | Learned a level 6 spell: Starburst
 99153 | Hell     | Entered the Vestibule of Hell
 99153 | Hell     | Noticed Geryon
 99963 | Hell     | Killed Geryon
100290 | Hell     | Found a gateway to the ashen valley of Gehenna.
100401 | Hell     | Found a gateway to the decaying netherworld of Tartarus.
100433 | Hell     | Found a gateway to the freezing wastes of Cocytus.
100859 | Hell     | Reached skill level 10 in Fire Magic
100939 | Hell     | Found a gateway to the Iron City of Dis.
101216 | Vaults:5 | Entered Level 5 of the Vaults
101331 | Vaults:5 | Noticed an ancient lich
101339 | Vaults:5 | Killed an ancient lich
101391 | Vaults:5 | Identified the +2 leather armour of the Cartwright {Will+
                  | Dex+3}
101522 | Vaults:5 | Identified the staff of fire "Wabim" {+Blink rF+}
102190 | Vaults:5 | Noticed Bai Suzhen
102204 | Vaults:5 | Killed Bai Suzhen
102429 | Vaults:5 | Got the Compendium of Shifting
102755 | Vaults:5 | Identified the ring "Fats" {Wiz +Blink rF+ Str+2}
102946 | Vaults:5 | Reached skill level 21 in Earth Magic
103559 | Vaults:5 | Got a silver rune of Zot
103570 | Vaults:5 | Identified the +0 pair of gloves of Duseh {Drain Dex+5}
104113 | Elf:3    | Killed Jackthecabe's ghost
104426 | Pan      | Entered Pandemonium
104522 | Pan      | Reached skill level 1 in Polearms
104699 | Pan      | Entered the realm of Gloorx Vloq.
104840 | Pan      | Found an exit through the horrors of the Abyss.
105394 | Pan      | Reached skill level 5 in Polearms
105622 | Pan      | Noticed Gloorx Vloq
105639 | Pan      | Killed Gloorx Vloq
105708 | Pan      | Got a dark rune of Zot
105918 | Pan      | Noticed Esaoshru the pandemonium lord
105927 | Depths:2 | Escaped Pandemonium
106037 | Depths:2 | Learned a level 9 spell: Shatter
106063 | Pan      | Entered Pandemonium
106071 | Pan      | Noticed Mennas
106353 | Pan      | Reached skill level 22 in Earth Magic
106391 | Pan      | Found an exit through the horrors of the Abyss.
106491 | Pan      | Found an exit through the horrors of the Abyss.
106623 | Pan      | Noticed Vaigah the pandemonium lord
106627 | Pan      | Killed Vaigah the pandemonium lord
106813 | Pan      | Identified the +6 dagger of Valour {flame, rC+}
106834 | Pan      | Noticed Ignacio
107036 | Pan      | Noticed Mennas
107053 | Pan      | Killed Mennas
107345 | Pan      | Noticed Ignacio
107355 | Pan      | Killed Ignacio
107527 | Pan      | Reached skill level 10 in Polearms
107819 | Pan      | Identified the +0 robe of Roykemma {Fly rC+}
107905 | Pan      | Noticed Cigol the pandemonium lord
107917 | Pan      | Killed Cigol the pandemonium lord
108214 | Abyss:4  | Cast into level 4 of the Abyss (reaper)
108224 | Abyss:4  | Found a sparkling altar of Nemelex Xobeh.
108246 | Abyss:4  | Found a corrupted altar of Lugonu.
108310 | Abyss:4  | Found a corrupted altar of Lugonu.
108321 | Pan      | Escaped the Abyss
108674 | Pan      | Found a runed translucent door.
108738 | Pan      | Got a demonic rune of Zot
108893 | Pan      | Entered the realm of Lom Lobon.
109051 | Pan      | Found an exit through the horrors of the Abyss.
109905 | Pan      | Reached skill level 23 in Earth Magic
110150 | Pan      | Noticed Lom Lobon
110179 | Pan      | Killed Lom Lobon
110263 | Pan      | Got a magical rune of Zot
110384 | Pan      | Entered the realm of Mnoleg.
110388 | Pan      | Noticed Mnoleg
110407 | Pan      | Killed Mnoleg
110408 | Pan      | Reached skill level 24 in Earth Magic
110887 | Pan      | Got a glowing rune of Zot
111182 | Pan      | Paralysed by a floating eye for 4 turns
111516 | Pan      | Identified the +0 scimitar of Moderation {elec, rPois Will+
                  | Str-3 Dex+4}
111702 | Pan      | Entered the realm of Cerebov.
111800 | Pan      | Found the +6 sword of Cerebov {flame}
111800 | Pan      | Noticed Cerebov
111844 | Pan      | HP: 1/184 [Brimstone Fiend/damnation[Cerebov] (42)]
111860 | Pan      | Killed Cerebov
112013 | Pan      | Got the Omnibus of the Anticline and the Salvo
112021 | Pan      | Identified the ring "Xatong" {*Corrode rF+ rC+ Will+}
112071 | Pan      | Identified the +5 glaive of the Exiled Allies {heavy,
                  | rPois}
112180 | Pan      | Identified the +6 long sword "Mecoediv" {speed, MP+9}
112198 | Pan      | Reached skill level 25 in Earth Magic
112316 | Pan      | Identified the staff of poison "Naim" {rPois MP+9 Str+4
                  | Int-2}
112324 | Pan      | Got the Parchment of Generation
112389 | Pan      | Got a fiery rune of Zot
112442 | Pan      | Identified the +0 plate armour "Jevvo" {rPois rC+ Int+2}
112993 | Pan      | Noticed Zacimih the pandemonium lord
113015 | Pan      | Killed Zacimih the pandemonium lord
113123 | Pan      | Identified the +4 rapier "Ponuaqot" {venom, rElec Dex+3}
113205 | Pan      | Reached skill level 15 in Evocations
113211 | Pan      | Noticed Ogiuqeno the pandemonium lord
113253 | Pan      | Killed Ogiuqeno the pandemonium lord
113537 | Pan      | Identified the +5 scale mail of Vousm {Will+ Str+4 Int+3}
113635 | Pan      | Acquired 1140 gold pieces
113664 | Pan      | Found an exit through the horrors of the Abyss.
113707 | Pan      | Took an exit into the Abyss.
113707 | Abyss:4  | Escaped into the Abyss
113713 | Depths:2 | Escaped the Abyss
113736 | Depths:2 | Learned a level 7 spell: Spellforged Servitor
114871 | Zig:1    | Entered Level 1 of a ziggurat
114914 | Zig:2    | Entered Level 2 of a ziggurat
114920 | Zig:2    | Reached skill level 1 in Summonings
114945 | Zig:3    | Entered Level 3 of a ziggurat
115008 | Zig:4    | Entered Level 4 of a ziggurat
115101 | Zig:5    | Entered Level 5 of a ziggurat
115192 | Zig:6    | Entered Level 6 of a ziggurat
115199 | Zig:6    | Noticed an ancient lich
115201 | Zig:6    | Noticed an ancient lich
115201 | Zig:6    | Noticed an ancient lich
115204 | Zig:6    | Killed an ancient lich
115207 | Zig:6    | Killed an ancient lich
115209 | Zig:6    | Killed an ancient lich
115276 | Zig:6    | Identified the staff of earth "Utiaptank" {+Blink}
115287 | Zig:6    | Identified the staff of poison "Geolush" {rElec rPois Str+3
                  | Dex+4}
115311 | Zig:7    | Entered Level 7 of a ziggurat
115318 | Zig:7    | Noticed Xyggojee the pandemonium lord
115325 | Zig:7    | Killed Xyggojee the pandemonium lord
115447 | Zig:7    | Identified the +0 robe of Ethics {rElec}
115456 | Zig:7    | Identified the +2 falchion of Wyrd {drain, Will+ Str+3}
115462 | Zig:8    | Entered Level 8 of a ziggurat
115473 | Zig:8    | Reached skill level 5 in Summonings
115531 | Zig:9    | Entered Level 9 of a ziggurat
115539 | Zig:9    | Noticed a royal mummy
115539 | Zig:9    | Noticed a royal mummy
115540 | Zig:9    | Noticed a royal mummy
115541 | Zig:9    | Killed a royal mummy
115546 | Zig:9    | Killed a royal mummy
115547 | Zig:9    | Killed a royal mummy
115710 | Zig:9    | Identified the +6 war axe of Forgiveness {antimagic, Fly
                  | rPois rCorr Int-4}
115741 | Zig:10   | Entered Level 10 of a ziggurat
115875 | Zig:10   | Got the Tractate on Alluring Vitiation
115883 | Zig:10   | Identified the +6 war axe of the Eggplant {spect, rPois}
115892 | Zig:11   | Entered Level 11 of a ziggurat
115901 | Zig:11   | Found the crystal ball of Wucad Mu {*channel}
115908 | Zig:11   | Noticed Osuth the pandemonium lord
115913 | Zig:11   | Killed Osuth the pandemonium lord
115914 | Zig:11   | Reached skill level 15 in Spellcasting
116016 | Zig:11   | Identified the +5 ring mail "Geohevec" {rPois}
116035 | Zig:12   | Entered Level 12 of a ziggurat
116167 | Zig:13   | Entered Level 13 of a ziggurat
116174 | Zig:13   | Reached skill level 26 in Earth Magic
116186 | Zig:13   | Paralysed by accursed screaming for 2 turns
116327 | Zig:13   | Identified the staff of fire "Zunajy" {rElec rF+ rCorr}
116330 | Zig:13   | Learned a level 1 spell: Apportation
116334 | Zig:13   | Got Qixzum's Parchment of Frigorific Terrain
116338 | Zig:13   | Got the Incunabulum of the Insatiable People
116343 | Zig:13   | Identified the +5 war axe "Menualir" {venom, rN+ Str+3}
116349 | Zig:14   | Entered Level 14 of a ziggurat
116359 | Zig:14   | Noticed a juggernaut
116360 | Zig:14   | Noticed a juggernaut
116361 | Zig:14   | Noticed a juggernaut
116364 | Zig:14   | Killed a juggernaut
116364 | Zig:14   | Killed a juggernaut
116365 | Zig:14   | Reached skill level 10 in Summonings
116365 | Zig:14   | Killed a juggernaut
116454 | Zig:14   | Identified the +4 falchion "Yrook" {antimagic, rElec Int+4
                  | Dex-5}
116480 | Zig:15   | Entered Level 15 of a ziggurat
116484 | Zig:15   | Noticed a juggernaut
116489 | Zig:15   | Noticed a juggernaut
116490 | Zig:15   | Killed a juggernaut
116490 | Zig:15   | Noticed a juggernaut
116494 | Zig:15   | Killed a juggernaut
116494 | Zig:15   | Killed a juggernaut
116494 | Zig:15   | Noticed a juggernaut
116498 | Zig:15   | Killed a juggernaut
116608 | Zig:15   | Identified the amulet of Qucah {Faith rF+++ Will+++ Regen+
                  | Dex-2}
116630 | Zig:16   | Entered Level 16 of a ziggurat
116645 | Zig:16   | Noticed a dread lich
116650 | Zig:16   | Killed a dread lich
116744 | Zig:16   | Identified the ring "Bupaj" {*Slow +Blink rElec rPois MP+9}
116746 | Zig:16   | Identified the staff of death "Ytaff" {rN+ Dex+4 SInv}
116748 | Zig:16   | Identified the +3 scimitar "Loreur" {freeze, Int+4}
116751 | Zig:16   | Identified the +2 ring mail "Umaahen" {Dex+4 Stlth+}
116760 | Zig:16   | Identified the +1 scale mail of Sunlight {rElec}
116788 | Zig:17   | Entered Level 17 of a ziggurat
116946 | Zig:17   | Identified the staff of earth "Keaskegh" {rPois rN+ Int-5
                  | Dex+4}
116948 | Zig:17   | Identified the +2 morningstar "Arcanum" {spect, rElec rC+
                  | Dex-2}
116949 | Zig:17   | Identified the +3 rapier "Heippawk" {freeze, Int+4}
116952 | Zig:17   | Identified the +7 mace of Ymneiddi {holy, *Noise rF+ rCorr
                  | Dex+3}
116957 | Zig:17   | Identified the amulet of Raokas {Regen+ Dex+4}
116960 | Zig:17   | Identified the amulet "Utwutoti" {Spirit +Blink rPois Will+
                  | Str-4}
116991 | Zig:17   | Identified the ring "Xadghiq" {rElec rC+}
117014 | Zig:17   | Got the Octavo of Cooperative Ensorcelling
117022 | Zig:18   | Entered Level 18 of a ziggurat
117034 | Zig:18   | Noticed an ancient lich
117034 | Zig:18   | Noticed an ancient lich
117037 | Zig:18   | Noticed a dread lich
117038 | Zig:18   | Killed a dread lich
117039 | Zig:18   | Noticed a dread lich
117039 | Zig:18   | Killed an ancient lich
117039 | Zig:18   | Killed an ancient lich
117040 | Zig:18   | Noticed a dread lich
117041 | Zig:18   | Killed a dread lich
117041 | Zig:18   | Killed a dread lich
117055 | Zig:18   | Killed from afar by a golden dragon

Illustrated notes

Levels and vault maps discovered:
D:1:      nzn_arrival_water_spiral, layout_loops_cross, minmay_surrounded
D:2:      layout_loops_ring, hellmonk_ecumenical_altar_run_dry
D:3:      layout_loops_corners, elyvilon_altar_4, lightli_temple_of_fire
D:4:      layout_rooms, lemuel_doored_altar, roderic_batcave,
          uniq_blork_the_orc, uniq_robin
D:5:      layout_loops_ring, serial_bayou_lagoon_a
D:6:      layout_cave_pools, nicolae_wooded_promenade, minmay_between
D:7:      layout_basic, temple_fountains, roderic_lattice_a,
          hangedman_abyss_or_decor_passed, serial_bayou_lake_a
D:8:      cheibrodos_shockbox, layout_loops_ring, makhleb_blood_cavern_becter,
          nicolae_shop_overcharged_wands
D:9:      layout_irregular_city, fiery_altar_vehumet, billiards_dpeg
D:10:     layout_big_octagon, overflow_temple_1_default, nicolae_lava_and_water,
          minmay_tree_intersection, st_stairs_12, uniq_urug, uniq_erolcha
D:11:     minmay_the_grid_triangle_9x9_rhombus_full
          [minmay_the_grid_triangle_9x9_thin_v,
          minmay_the_grid_triangle_9x9_sparse_checkered,
          minmay_the_grid_triangle_9x9_impossible_snake,
          minmay_the_grid_triangle_9x9_empty,
          minmay_the_grid_triangle_9x9_semitri,
          minmay_the_grid_triangle_9x9_shrine,
          minmay_the_grid_triangle_9x9_cache,
          minmay_the_grid_triangle_9x9_prize_top_heavy], layout_basic,
          erik_lair_orcish_takeover, minivault_25_ag, hangedman_ru_absence
D:12:     layout_loops_cross, hiddenorc1_lemuel, serial_shops,
          nicolae_shop_crystal, minmay_statues_item, uniq_frances
D:13:     layout_cave_pods, skrybe_vaults_entry_preservation, serial_park,
          serial_park_square2, serial_park_tiny_1, serial_park_tiny_2,
          serial_park_gazebo [serial_park_minivault_5x5_5], serial_shops,
          nicolae_shop_bloodbath_and_beyond, nicolae_stop_n_shop_1,
          nicolae_take_the_stairs, nicolae_square_shop, gauntlet_entry_generic
D:14:     layout_loops_corners, minmay_misc_feat_tower, minmay_bent,
          uniq_roxanne
D:15:     hangedman_depths_entry_try_elsewhere_first, layout_basic,
          enter_trove_1, hellmonk_ghost_happy_afterlife, library_closet,
          chequers_serial_rivers_micro_e
Temple:   nicolae_temple_elliptical
Lair:1:   layout_loops_ring, uniq_maggie
Lair:2:   layout_small_grid, minmay_swamp_entry_reptiles
Lair:3:   layout_long_grid, spider_nest_entry_funnel_web
Lair:4:   layout_cave_pods, slime_entry_1, uniq_sonja
Lair:5:   cheibrodos_lair_end_hotspot, layout_cellular_growth,
          infiniplex_staircase_pool_2
Swamp:1:  layout_basic_swamp, evilmike_swamp_ruin_rubble_2, swamp_pool4,
          hangedman_swamp_ravenous, uniq_donald, uniq_louise, uniq_aizul
Swamp:2:  nicolae_swamp_wrong_neighborhood, layout_basic_swamp,
          hangedman_swamp_blocks, infiniplex_staircase_pool
Swamp:3:  layout_falls_marsh, nicolae_swamp_small_spring,
          nicolae_swamp_stair_fork
Swamp:4:  swamp_icy, layout_basic_swamp
Spider:1: layout_spider_delve, gammafunk_ghost_arena, hive_lemuel
Spider:2: layout_spider_delve, nicolae_spider_paper_wasps, uniq_nikola,
          uniq_arachne
Spider:3: nicolae_spider_hilbert_zone_1 [nicolae_spider_hilbert_4_sides_1_open,
          nicolae_spider_hilbert_4_sides_1_open,
          nicolae_spider_hilbert_4_sides_1_open,
          nicolae_spider_hilbert_4_sides_1_open,
          nicolae_spider_hilbert_3_sides_1_open,
          nicolae_spider_hilbert_3_sides_1_open,
          nicolae_spider_hilbert_3_sides_1_open,
          nicolae_spider_hilbert_3_sides_1_open,
          nicolae_spider_hilbert_3_sides_1_open,
          nicolae_spider_hilbert_6_sides_1_open,
          nicolae_spider_hilbert_6_sides_1_open,
          nicolae_spider_hilbert_3_sides_1_open,
          nicolae_spider_hilbert_3_sides_1_open,
          nicolae_spider_hilbert_3_sides_1_open,
          nicolae_spider_hilbert_3_sides_1_open,
          nicolae_spider_hilbert_2_sides_1_open]
Spider:4: hellmonk_spider_rune_endless_swarm
Slime:1:  layout_caves
Slime:2:  layout_caves
Slime:3:  layout_caves
Slime:4:  layout_caves
Slime:5
Orc:1:    cheibrodos_orc_arena, layout_caves, serial_shops,
          nicolae_shop_behind_doors
Orc:2:    st_orc_town, layout_diamond_mine, basic_altar
Elf:1:    eino_elf_arrival_shootout, layout_onion_city, minmay_elf_necromancy
Elf:2:    elven_hall_of_blades_hangedman_alternative
          [nicolae_blade_entry_floor_patterns], layout_rooms,
          portal_ice_cave_entry_pillars_four, special_room [special_room_orc]
Elf:3:    minmay_elf_hall_curves, layout_geoelf_castle,
          ebering_ghost_reflecting_pool, hangedman_glass_teeth, minivault_14
Vaults:1: st_diamondy, nicolae_vaults_little_ls, ontoclasm_vaults_hangar,
          v_alt_pattern_6, nicolae_vaults_yaktaur_gun_rack, v_alt_pattern_2,
          v_rooms_3, nicolae_vaults_bisected_slash, vaults_room_stairs_pillars,
          ontoclasm_vaults_claustrophobia, dpeg_vaults_monster_row,
          ontoclasm_vaults_loading_screen, v_misc_2, grunt_vaults_diagonal,
          vaults_room_ringed_pool, layout_vaults_omnibox, serial_shops,
          nicolae_diamond_shop
Vaults:2: v_misc_15, minmay_crypt_entry_simple_sparse, vaults_dpeg_diagonal,
          hangedman_vaults_stretched_pinwheel, grunt_vaults_swirl,
          hangedman_vaults_trim, hangedman_vaults_cutoff, v_misc_3, v_misc_15,
          layout_vaults_ring
Vaults:3: ontoclasm_vaults_ring_small, nicolae_vaults_big_angled_halls,
          v_misc_22, nicolae_vaults_triangles, hangedman_vaults_capsules,
          st_spiral_rooms, v_pattern_4, hangedman_vaults_maws,
          hangedman_vaults_pinch, vaults_room_corners, vaults_dpeg_ring,
          ontoclasm_vaults_ring_small, layout_vaults_chaotic_city, serial_shops,
          nicolae_diamond_shop, uniq_asterion, uniq_frederick
Vaults:4: kennysheep_vaults_gozag_temple, ontoclasm_vaults_fault,
          vaults_room_corners, nicolae_vaults_little_squares_4,
          nicolae_vaults_little_squares_1, vaults_room_octagon,
          dpeg_vaults_monster_box, layout_vaults_omnigrid, uniq_zenata
Vaults:5: serial_shops, uniq_bai_suzhen
Crypt:1:  layout_gridlike, grunt_megastairs_3
Crypt:2:  gammafunk_sealed_arena, layout_gridlike,
          amcnicky_mini_corridor_feature, nicolae_danse_macabre
Crypt:3:  church_of_pain_bobbens, layout_chaotic_city
Depths:1: layout_cave_shapes, enter_ziggurat_d, serial_shops, shop, hell_entry,
          serial_bayou_shore_b, abyss_entry_crystal, pandoras_box_mu,
          roderic_lattice_octagonal_star, minmay_shop_grove, firewood_loft,
          uniq_saint_roka
Depths:2: due_jory_tower, layout_basic, nrook_mini_vaults, hell_entry,
          rand_demon_pan_entry_4, serial_shops, shop
Depths:3: nzn_winding_woodlands_large [nzn_winding_woodlands_5x5_cross,
          nzn_winding_woodlands_5x15_concentric,
          nzn_winding_woodlands_5x5_closed_star,
          nzn_winding_woodlands_center_garden,
          nzn_winding_woodlands_15x15_five_gardens,
          nzn_winding_woodlands_center_pierced_h,
          nzn_winding_woodlands_5x5_three, nzn_winding_woodlands_5x15_zeroes,
          nzn_winding_woodlands_5x5_open_star], layout_basic, serial_rivers,
          chequers_serial_rivers_micro_b, chequers_serial_rivers_micro_b,
          chequers_serial_rivers_room_b, chequers_serial_rivers_small_b,
          chequers_serial_rivers_micro_e, chequers_serial_rivers_large_b,
          hell_entry, abyss_entry, fedhas_altar_4, pan_entry, uniq_parghit
Depths:4: evilmike_zot_entry_round, layout_small_grid, mu_enter_wizlab_4,
          rand_demon_pan_entry_3, pf_coc_iceberg, yredelemnul_altar_generic
Hell
Zot:1:    layout_misc_corridors, st_large_dragon_hoard_3, grunt_megastairs_4
Zot:2:    nicolae_zot_stationary_front, layout_onion_interference,
          hangedman_feature_mirror, uniq_vv
Zot:3:    layout_gridlike
Zot:4:    layout_gridlike, hangedman_zot_wheel_spokes
Zot:5:    layout_basic
Zig:18

Skill      XL: |  1  2  3  4  5  6  7  8  9 10 11 12 13 14 15 16 17 18 19 20 21 22 23 24 25 26 27 |
---------------+----------------------------------------------------------------------------------+-----
Earth Magic    | 4 5 6 8 10 12 13 14 15 16 17 26 | 26.0
Stealth        | 3 4 6 8 9 10 12 | 12.0
Conjurations   | 1 2 4 6 10 12 13 14 15 19 | 19.0
Spellcasting   | 3 4 6 7 8 10 12 13 18 | 18.0
Dodging        | 2 3 4 5 6 8 9 10 12 | 12.0
Fighting       | 1 6 8 9 10 12 14 15 17 18 22 | 22.0
Armour         | 1 3 4 5 6 7 8 9 10 12 13 14 16 19 20 | 20.0
Short Blades   | 1 3 4 5 6 9 10 | 10.0
Transmutations | 2 4 6 |  6.0
Evocations     | 2 4 6 7 8 10 12 15 | 15.0
Invocations    | 2 6 8 9 10 11 12 14 18 | 18.0
Throwing       | 2 5 6 |  6.0
Staves         | 4 5 8 9 10 12 | 12.0
Poison Magic   | 1 7 8 |  8.0
Hexes          | 5 |  5.0
Shields        | 3 6 9 14 16 | 16.0
Fire Magic     | 6 14 | 14.0
Translocations | 5 6 10 | 10.0
Polearms       | 12 | 12.2
Summonings     | 13 | 13.8

Action                     |  1- 3 |  4- 6 |  7- 9 | 10-12 | 13-15 | 16-18 | 19-21 | 22-24 | 25-27 || total
---------------------------+-------+-------+-------+-------+-------+-------+-------+-------+-------++-------
  Melee: Dagger            |     6 |    45 |    44 |    26 |    83 |   339 |    27 |    33 |     7 ||   610
         Staff             |       |       |       |       |    31 |   245 |   266 |   415 |   690 ||  1647
         Punch             |       |       |       |       |     1 |     2 |       |       |     8 ||    11
         Trishula          |       |       |       |       |       |       |       |       |  1186 ||  1186
  Throw: Dart              |       |     2 |       |     1 |    21 |     2 |    10 |     8 |     1 ||    45
   Cast: Sandblast         |    56 |    49 |    68 |   111 |   142 |       |       |       |       ||   426
         Stone Arrow       |       |       |    65 |   138 |   215 |   206 |     2 |       |       ||   626
         Lee's Rapid Decon |       |       |       |    42 |   266 |   118 |   387 |   250 |   503 ||  1566
         Petrify           |       |       |       |     4 |    13 |    55 |     4 |     2 |       ||    78
         Passwall          |       |       |       |       |     2 |     3 |       |     4 |       ||     9
         Olgreb's Toxic Ra |       |       |       |       |       |   215 |    19 |    16 |    10 ||   260
         Ignite Poison     |       |       |       |       |       |    31 |     4 |     4 |     6 ||    45
         Iron Shot         |       |       |       |       |       |       |   188 |   419 |  1310 ||  1917
         Iskenderun's Myst |       |       |       |       |       |       |       |       |    20 ||    20
         Blink             |       |       |       |       |       |       |       |       |    20 ||    20
         Lehudib's Crystal |       |       |       |       |       |       |       |       |    69 ||    69
         Starburst         |       |       |       |       |       |       |       |       |    61 ||    61
         Shatter           |       |       |       |       |       |       |       |       |    45 ||    45
         Spellforged Servi |       |       |       |       |       |       |       |       |     3 ||     3
 Invoke: Recite            |       |       |       |       |       |     2 |     1 |     2 |    14 ||    19
         Vitalisation      |       |       |       |       |       |       |     1 |       |       ||     1
         Sanctuary         |       |       |       |       |       |       |       |       |     6 ||     6
Ability: Evoke Blink       |       |       |       |       |       |       |       |     2 |       ||     2
  Evoke: Wand              |       |       |       |       |    10 |    31 |    10 |    19 |    39 ||   109
         Tin of tremorston |       |       |       |       |     1 |     2 |     3 |     4 |     3 ||    13
         Condenser vane    |       |       |       |       |       |     1 |     6 |     4 |     7 ||    18
         Lightning rod     |       |       |       |       |       |       |     5 |       |     5 ||    10
         Phial of floods   |       |       |       |       |       |       |     1 |     3 |     5 ||     9
         Phantom mirror    |       |       |       |       |       |       |       |     2 |       ||     2
    Use: Potion            |       |       |     2 |       |       |     1 |     3 |     1 |    26 ||    33
         Scroll            |       |       |     9 |     6 |    13 |     4 |     6 |     6 |    36 ||    80
   Stab: Sleeping          |     2 |     4 |     5 |     6 |     6 |    13 |     8 |    22 |     7 ||    73
         Petrified         |       |       |       |       |    17 |    74 |     8 |       |       ||    99
         Invisible         |       |       |       |       |     4 |     5 |     2 |       |       ||    11
         Paralysed         |       |       |       |       |     1 |     2 |       |       |       ||     3
         Distracted        |       |       |       |       |     1 |       |       |     2 |    12 ||    15
         Petrifying        |       |       |       |       |       |     3 |     1 |       |       ||     4
         Confused          |       |       |       |       |       |     2 |       |       |     2 ||     4
 Armour: Robe              |    10 |    17 |    34 |    71 |    47 |       |       |       |       ||   179
         Leather armour    |       |     4 |       |       |    29 |       |       |       |       ||    33
         Ring mail         |       |       |       |       |    82 |   511 |   244 |   490 |   160 ||  1487
         Fire dragon scale |       |       |       |       |       |       |       |       |  2366 ||  2366
  Dodge: Dodged            |    10 |    46 |   103 |   175 |   386 |   559 |   296 |   457 |  1563 ||  3595
  Block: Buckler           |       |       |       |       |       |   243 |   163 |   252 |   393 ||  1051
         Kite shield       |       |       |       |       |       |       |       |   201 |  1121 ||  1322

Table legend: (Time is in decaauts)
 A = Elapsed time spent in this place.
 B = Non-inter-level travel time spent in this place.
 C = Inter-level travel time spent in this place.
 D = Time resting spent in this place.
 E = Time spent auto-exploring this place.
 F = Levels seen in this place.
 G = Mean time per level.
                   A        B        C        D        E       F      G
               +--------+--------+--------+--------+--------+-----+--------+
         Total | 116353 | 105851 |  10502 |    664 |  80497 | 100 | 1163.5 |
       Dungeon |  24066 |  21105 |   2961 |    326 |  17189 |  15 | 1604.4 |
        Temple |    171 |    160 |     11 |      0 |    118 |   1 |  171.0 |
          Lair |   9145 |   7952 |   1193 |      0 |   6725 |   5 | 1829.0 |
         Swamp |   5814 |   5431 |    383 |     39 |   4298 |   4 | 1453.5 |
   Spider Nest |   8866 |   8450 |    416 |      0 |   6554 |   4 | 2216.5 |
    Slime Pits |   4045 |   3712 |    333 |      0 |   2693 |   5 |  809.0 |
  Orcish Mines |   4288 |   3493 |    795 |    120 |   2620 |   2 | 2144.0 |
   Elven Halls |   9236 |   8212 |   1024 |     73 |   6631 |   3 | 3078.7 |
        Vaults |  12841 |  11844 |    997 |      0 |   9503 |   5 | 2568.2 |
         Crypt |   4376 |   4157 |    219 |      0 |   3297 |   3 | 1458.7 |
        Depths |  10726 |   9372 |   1354 |      0 |   6991 |   4 | 2681.5 |
          Hell |    989 |    980 |      9 |      0 |    664 |   1 |  989.0 |
           Zot |   8028 |   7224 |    804 |      0 |   5649 |   5 | 1605.6 |
         Abyss |   1306 |   1306 |      0 |      0 |    432 |   6 |  217.7 |
   Pandemonium |   8569 |   8569 |      0 |    106 |   4668 |  16 |  535.6 |
      Ziggurat |   2160 |   2160 |      0 |      0 |   1362 |  18 |  120.0 |
      Ice Cave |    430 |    430 |      0 |      0 |    291 |   1 |  430.0 |
        Wizlab |    662 |    662 |      0 |      0 |    368 |   1 |  662.0 |
      Gauntlet |    627 |    627 |      0 |      0 |    442 |   1 |  627.0 |
               +--------+--------+--------+--------+--------+-----+--------+

Top non-repeatable levels by time:
   Elf:3: 4504 daAuts
    D:11: 3968 daAuts
Depths:3: 3671 daAuts
Spider:4: 3068 daAuts
Vaults:4: 2862 daAuts
Depths:2: 2832 daAuts
  Lair:5: 2720 daAuts
Vaults:3: 2717 daAuts
    D:15: 2704 daAuts
Depths:1: 2622 daAuts
   Elf:2: 2576 daAuts
    D:13: 2561 daAuts
   Orc:1: 2445 daAuts
Vaults:2: 2441 daAuts
Vaults:1: 2418 daAuts
